 Dungeon Crawl Stone Soup version 0.32-a0-928-g1cae6b7 (webtiles) character file.

Game seed: 16127716913681310770

7613 sasameki the Zephyrmancer (level 11, -9/68 HPs)
             Began as a Barachi Conjurer on Apr 12, 2024.
             Was an Elder of Vehumet.
             Mangled by a yak (10 damage)
             ... on level 1 of the Lair of Beasts.
             The game lasted 01:02:12 (15372 turns).

sasameki the Zephyrmancer (Barachi Conjurer)       Turns: 15372, Time: 01:02:13

Health: -9/68      AC:  9    Str: 12    XL:     11   Next: 18%
Magic:  23/23      EV: 11    Int: 23    God:    Vehumet [****..]
Gold:   336        SH:  5    Dex: 10    Spells: 15/27 levels left

rFire   . . .        x - staff of air
rCold   + . .        (no shield)
rNeg    . . .        z - +1 steam dragon scales
rPois   .            (no helmet)
rElec   +            (no cloak)
rCorr   .            A - +2 pair of gloves {Str+3}
SInv    .            (no boots)
Will    .....        u - amulet of reflection
Stlth   ++           j - ring of protection from cold
HPRegen 0.31/turn    (no ring)
MPRegen 0.18/turn

%: reflection
@: hasted, very quick
A: amphibious, slowness 1, strong legs 1, +LOS
a: Hop, Renounce Religion


You were on level 1 of the Lair of Beasts.
You worshipped Vehumet.
Vehumet was greatly pleased with you.
You visited 4 branches of the dungeon, and saw 13 of its levels.
You also visited: Ossuary.

You collected 538 gold pieces.
You spent 202 gold pieces at shops.

Inventory:

Hand Weapons
 q - a +0 short sword of speed
Missiles
 d - 17 poisoned darts
Armour
 a - a +0 troll leather armour
 m - a +1 robe of positive energy
 z - +1 steam dragon scales (worn)
 A - a +2 pair of gloves of strength (worn)
Magical Staves
 x - a staff of air (weapon)
 y - a staff of conjuration
Jewellery
 j - a ring of protection from cold (left hand)
 u - an amulet of reflection (around neck)
 B - an amulet of regeneration
Scrolls
 b - 2 scrolls of revelation {unknown}
 c - 4 scrolls of teleportation {unknown}
 g - 3 scrolls of vulnerability {unknown}
 h - 2 scrolls of blinking {unknown}
 i - a scroll of enchant weapon {unknown}
 n - 6 scrolls of amnesia {unknown}
 o - a scroll of silence {unknown}
 r - a scroll of immolation {unknown}
 v - 2 scrolls of fog {unknown}
 I - a scroll of torment
 J - 2 scrolls of fear {unknown}
 K - 2 scrolls of poison
Potions
 e - 3 potions of heal wounds {unknown}
 f - a potion of magic
 k - 3 potions of curing {unknown}
 t - 2 potions of mutation
 D - 2 potions of might
 F - 3 potions of brilliance
 G - a potion of enlightenment
Miscellaneous
 s - a lightning rod (4/4)


   Skills:
 - Level 2.1 Dodging
 - Level 1.7 Stealth
 - Level 8.6 Spellcasting
 - Level 9.0 Conjurations
 * Level 9.8 Ice Magic
 - Level 11.0 Air Magic


You had 15 spell levels left.
You knew the following spells:

 Your Spells              Type           Power      Damage    Failure   Level
a - Magic Dart            Conj           100%       1d8       1%          1
b - Searing Ray           Conj           100%       2d8       1%          2
c - Permafrost Eruption   Ice/Erth       16%        2x4d4     32%         6
d - Frozen Ramparts       Ice            100%       1d16      1%          3

Your spell library contained the following spells:

 Spells                   Type           Power      Damage    Failure   Level
 Inner Flame              Hex/Fire       9%         N/A       5%          3
 Freeze                   Ice            100%       1d10      1%          1
 Hailstorm                Conj/Ice       52%        3d10      1%          3
 Fulminant Prism          Conj/Alch      15%        3d10      2%          4
 Iskenderun's Mystic Bla Conj/Tloc 30%            2d8        (+2d4     2%          4
 Necrotise                Necr           36%        1d5       6%          1
 Teleport Other           Tloc           9%         N/A       19%         3
 Vampiric Draining        Necr           9%         2d6       19%         3
 Lee's Rapid Deconstruct  Erth           4%         3d5*      41%         5
 Leda's Liquefaction      Alch/Erth      4%         N/A       54%         4
 Martyr's Knell           Necr/Summ      9%         N/A       54%         4
 Curse of Agony           Necr           9%         N/A       87%         5
 Summon Forest            Summ/Tloc      4%         N/A       87%         5
 Summon Mana Viper        Hex/Summ       9%         N/A       87%         5
 Dispersal                Tloc           4%         N/A       100%        6
 Gell's Gavotte           Tloc           4%         2d(13-19) 100%        6
 Summon Cactus Giant      Summ           4%         N/A       100%        6


Dungeon Overview and Level Annotations

Branches:
Dungeon (10/15) Zot: 26164  Temple (1/1) D:4 Zot: 5984    Lair (1/5) D:8 Zot: 5994
    Orc (1/2) D:9 Zot: 5672 Ossuary (visited)

Altars:
Ashenzari
Cheibriados
Dithmenos
Elyvilon
Fedhas
Gozag
Hepliaklqana
Kikubaaqudgha
Makhleb
Nemelex Xobeh
Okawaru
Qazlal
Sif Muna
Trog
Uskayaw
Vehumet
Wu Jian
Xom
Yredelemnul
Zin
The Shining One

Shops:
D:1 (   Orc:1 [

Annotations:
D:8 2 transporters, Shrooty's ghost, novice FoFi


Innate Abilities, Weirdness & Mutations

You are amphibious.
You cover ground slowly.
You can hop short distances.
You have an extended range of vision and can be seen from far away.


Message History

a +0 orcbow; a centaur skeleton
Things that are here:
a +0 robe; a +0 dagger; an orc skeleton
Things that are here:
a +0 plate armour; a +0 battleaxe; an orc skeleton You see here a +0 mace.
Items here: !!! " ( ) [.
There is a staircase to the Lair here.
You climb downwards.
Welcome back to the Lair of Beasts!
The komodo dragon bites you! The yak gores you. You block the yak's attack.
The yak gores you!
There is a staircase back to the Dungeon, spattered with blood here.
You take 31 damage, and have 37/68 hp.
Your legs are too worn out to hop.
Casting: Searing Ray (safe; 1% risk of failure)
Confirm with . or Enter, or press ? or * to list all spells.
Okay, then.
As you read the scroll labelled TUD PEHIFAYCU, it crumbles to dust.
You hear a loud clanging noise!
It was a scroll of noise.
The komodo dragon hisses angrily.
The bullfrog croaks.
You hear a shout!
The yak gores you but does no damage. The yak barely misses you.
The yak gores you!
The komodo dragon bites you but does no damage.
You take 8 damage, and have 29/68 hp.
Okay, then.
You feel yourself speed up.
The yak gores you. x2; The yak gores you!
* * * LOW HITPOINT WARNING * * *
The yak gores you!
* * * LOW HITPOINT WARNING * * *
The komodo dragon bites you but does no damage.
You take 27 damage, and have 2/68 hp.
As you read the scroll labelled JUMISO ORGHIGH, it crumbles to dust.
It is a scroll of enchant armour.
Your +0 steam dragon scales glow green for a moment.
You are ready to hop once more.
The yak barely misses you. The yak gores you.
* * * LOW HITPOINT WARNING * * *
The yak gores you!
You die...

....... ......
....... .....
....... ....
#...#..###.#.####
.................
.................
.................
.................
.......l@YF......
.......YYY.......
......Y..........
.................
....l............
.................
.................
#.##.#####...####
## ## ...#


You could see 2 komodo dragons, 5 yaks and a bullfrog.

Vanquished Creatures
  A two-headed ogre (D:9)
  2 kobold blastminers (Orc:1)
  Jeremiah (D:9)
  Maggie (D:9)
  3 trolls
  A hornet (D:8)
  Grinder (D:3)
  A sky beast (D:8)
  2 orc warriors (D:8)
  4 ogres
  An ice beast (D:5)
  5 centaurs
  4 kobold brigands
  2 bullfrogs
  A gnoll sergeant (D:9)
  2 scorpions
  6 water moccasin zombies (Ossuary)
  A burial acolyte (Ossuary)
  21 wights
  9 killer bees (D:9)
  An electric eel (D:8)
  2 howler monkeys (D:9)
  4 orc priests
  3 bombardier beetles
  3 hounds
  3 jellies
  2 sleepcaps
  Jessica (D:2)
  4 iguanas
  Natasha (thrice) (D:2)
  8 orc wizards
  2 crocodile zombies (Ossuary)
  A bullfrog simulacrum (Ossuary)
  2 mummies (Ossuary)
  4 gnolls (D:9)
  8 adders
  A shadow imp (D:5)
  A white imp (D:6)
  2 ufetubi (D:5)
  3 adder zombies (Ossuary)
  2 dart slugs
  3 ribbon worms
  28 orcs
  3 ball pythons
  5 endoplasms
  3 giant cockroaches
  8 gnoll zombies (Ossuary)
  12 goblins
  6 hobgoblins
  10 jackals
  24 kobolds
  5 quokkas
  4 bats
  2 frilled lizards
  4 jackal zombies (Ossuary)
  4 orc zombies (Ossuary)
  A quokka zombie (D:7)
  6 rats
  A rat zombie (D:7)
258 creatures vanquished.

Vanquished Creatures (collateral kills)
  An orc priest (D:8)
  An orc (D:8)
2 creatures vanquished.

Grand Total: 260 creatures vanquished

Notes
Turn   | Place    | Note
-------+----------+-------------------------------------------
     0 | D:1      | sasameki the Barachi Conjurer began the quest for the Orb.
     0 | D:1      | Reached XP level 1. HP: 13/13 MP: 3/3
   336 | D:1      | Reached XP level 2. HP: 19/19 MP: 3/5
   670 | D:1      | Found Lyon's Antique Weapon Shop.
   847 | D:2      | Reached skill level 5 in Conjurations
   939 | D:2      | Reached XP level 3. HP: 24/24 MP: 5/7
   985 | D:2      | Learned a level 2 spell: Searing Ray
  1201 | D:2      | Noticed Jessica
  1207 | D:2      | Killed Jessica
  1208 | D:2      | Reached XP level 4. HP: 28/30 MP: 2/8
  1289 | D:2      | Found a sparkling altar of Nemelex Xobeh.
  1327 | D:2      | Noticed Natasha
  1574 | D:2      | Found a faded altar of an unknown god.
  2259 | D:3      | Noticed Grinder
  2269 | D:3      | Killed Grinder
  2270 | D:3      | Reached XP level 5. HP: 35/35 MP: 5/11
  2270 | D:3      | Reached XP level 6. HP: 41/41 MP: 5/12
  3335 | D:4      | Found a staircase to the Ecumenical Temple.
  3345 | Temple   | Entered the Ecumenical Temple
  3351 | Temple   | Became a worshipper of Vehumet
  3496 | D:4      | Found a snail-covered altar of Cheibriados.
  3661 | D:4      | Found a shimmering blue altar of Sif Muna.
  3662 | D:4      | Found a hide-covered altar of Uskayaw.
  3869 | D:2      | Killed Natasha
  3870 | D:2      | Reached XP level 7. HP: 46/46 MP: 9/13
  3934 | D:2      | Found a faded altar of an unknown god.
  4108 | D:2      | Found a sparkling altar of Nemelex Xobeh.
  4186 | D:2      | Noticed Natasha
  4188 | D:2      | Killed Natasha
  4295 | D:2      | Found a faded altar of an unknown god.
  4336 | D:2      | Noticed Natasha
  4345 | D:2      | Killed Natasha
  4396 | D:5      | Entered Level 5 of the Dungeon
  4591 | D:5      | Reached skill level 5 in Spellcasting
  5044 | D:5      | Found a shimmering altar of Xom.
  5045 | D:5      | Found a hazy altar of Hepliaklqana.
  5045 | D:5      | Noticed a cane toad
  5048 | D:5      | Noticed a spectral ugly thing
  5048 | D:5      | Noticed a cane toad
  5048 | D:5      | Noticed a cane toad
  5048 | D:5      | Noticed a cane toad
  5246 | D:5      | Reached XP level 8. HP: 50/52 MP: 8/18
  6911 | D:6      | Reached * piety under Vehumet
  6911 | D:6      | Offered knowledge of Foxfire by Vehumet.
  7828 | D:7      | Found a sand-covered staircase.
  7896 | Ossuary  | Entered an ossuary
  7957 | Ossuary  | Reached skill level 1 in Air Magic
  7957 | Ossuary  | Reached XP level 9. HP: 48/57 MP: 10/21
  8034 | Ossuary  | Reached skill level 2 in Air Magic
  8154 | Ossuary  | Reached skill level 3 in Air Magic
  8391 | Ossuary  | Reached skill level 4 in Air Magic
  8719 | Ossuary  | Reached ** piety under Vehumet
  8719 | Ossuary  | Offered knowledge of Shock by Vehumet.
  8770 | Ossuary  | Reached skill level 5 in Air Magic
  9129 | D:7      | Reached skill level 6 in Air Magic
  9641 | D:7      | Reached skill level 7 in Air Magic
 10200 | D:7      | Reached skill level 8 in Air Magic
 10558 | D:8      | Found a transporter.
 10569 | D:8      | Offered knowledge of Static Discharge by Vehumet.
 10584 | D:8      | Learned a level 6 spell: Permafrost Eruption
 10615 | D:8      | Noticed a red ugly thing
 10615 | D:8      | Noticed a tengu conjurer
 10617 | D:8      | Noticed Shrooty's ghost (novice FoFi)
 10633 | D:8      | Learned a level 3 spell: Frozen Ramparts
 10754 | D:8      | Reached skill level 1 in Ice Magic
 10815 | D:8      | Found a transporter.
 10854 | D:8      | Reached *** piety under Vehumet
 11102 | D:8      | Reached skill level 9 in Air Magic
 11102 | D:8      | Reached XP level 10. HP: 57/63 MP: 13/22
 11287 | D:8      | Found a staircase to the Lair.
 12418 | Lair:1   | Entered Level 1 of the Lair of Beasts
 12559 | D:9      | Noticed Jeremiah
 12576 | D:9      | Killed Jeremiah
 12705 | D:9      | Reached skill level 5 in Ice Magic
 12705 | D:9      | Reached skill level 10 in Air Magic
 12873 | D:9      | Found a broken altar of Ashenzari.
 12875 | D:9      | Noticed a two-headed ogre
 12901 | D:9      | Offered knowledge of Inner Flame by Vehumet.
 12945 | D:9      | Found a staircase to the Orcish Mines.
 13561 | D:9      | Found a basalt altar of Yredelemnul.
 13594 | D:9      | Noticed Maggie
 13603 | D:9      | Killed Maggie
 13765 | D:9      | Killed a two-headed ogre
 13766 | D:9      | Reached skill level 11 in Air Magic
 13943 | D:9      | Reached XP level 11. HP: 65/68 MP: 16/23
 14328 | Orc:1    | Entered Level 1 of the Orcish Mines
 14328 | Orc:1    | Found Ziadaveps's Antique Armour Boutique.
 14328 | Orc:1    | Found an iron altar of Okawaru.
 14408 | Orc:1    | Bought a pair of runed gloves for 202 gold pieces
 14446 | Orc:1    | Noticed an obsidian bat
 14626 | Orc:1    | Noticed a two-headed ogre
 14635 | D:10     | Entered Level 10 of the Dungeon
 14680 | D:9      | Reached **** piety under Vehumet
 14807 | D:10     | Noticed a two-headed ogre
 14986 | D:10     | Noticed a sun demon
 15132 | D:10     | Noticed a two-headed ogre
 15371 | Lair:1   | HP: 2/68 [yak (10)]
 15372 | Lair:1   | Mangled by a yak

Illustrated notes

Levels and vault maps discovered:
D:1:      dpeg_arrival_snail, layout_rooms, serial_shops,
          nicolae_shop_peninsula, chequers_serial_rivers_micro_b,
          skrybe_limestone_x
D:2:      layout_basic, basic_altar, shapermc_ecumenical_altar_mp_ritualfount,
          minmay_unequal, uniq_jessica, uniq_natasha
D:3:      layout_basic, st_stairs_10, chequers_serial_rivers_large_b,
          uniq_grinder
D:4:      layout_rooms, kennysheep_slug_shrine, jmf_multi_god_temple,
          temple_pool_b, nicolae_tricolors
D:5:      layout_loops_corners, regret_index_temple_of_mockery
D:6:      layout_layer_cave, minmay_ogre_servants
D:7:      layout_cave_pods, enter_ossuary_4
D:8:      layout_basic, lair_entry_dummy, gammafunk_ghost_arena
D:9:      layout_basic, mainiacjoe_overflow_24_doors,
          nicolae_ashenzari_panopticon, orc_0_dummy, uniq_jeremiah, uniq_maggie
D:10:     layout_stronghold, nicolae_ru_the_path_less_chosen, serial_bayou,
          serial_bayou_lagoon_b, serial_bayou_shore_b, serial_bayou_pond_e,
          serial_bayou_ford_a
Temple:   eino_narrow_crystal_temple
Lair:1:   wad_woods_structure_01, layout_long_grid, minivault_25, uniq_erica
Orc:1:    layout_diamond_mine, serial_shops, nicolae_shop_peninsula,
          okawaru_metal_pillars_1_2, uniq_jorgrun

Skill      XL: |  1  2  3  4  5  6  7  8  9 10 11 |
---------------+----------------------------------+-----
Conjurations   | 5 6 7 8 9 |  9.0
Spellcasting   | 3 4 6 8 |  8.6
Air Magic      | 1 9 11 | 11.0
Ice Magic      | 1 8 9 |  9.8
Dodging        | |  2.1
Stealth        | |  1.7

Action                     |  1- 3 |  4- 6 |  7- 9 | 10-12 || total
---------------------------+-------+-------+-------+-------++-------
  Melee: Unarmed           |     2 |       |       |       ||     2
         Dagger            |     3 |     3 |       |       ||     6
         Staff             |       |       |     3 |       ||     3
   Cast: Magic Dart        |    44 |    82 |   232 |    70 ||   428
         Searing Ray       |     3 |     8 |    82 |    50 ||   143
         Frozen Ramparts   |       |       |       |    13 ||    13
Ability: Hop               |       |       |    11 |     9 ||    20
  Evoke: Wand              |       |       |       |    37 ||    37
    Use: Potion            |       |     1 |       |     1 ||     2
         Scroll            |       |       |       |    12 ||    12
 Armour: Robe              |     6 |     9 |   102 |    23 ||   140
         Steam dragon scal |       |       |       |    41 ||    41
  Dodge: Dodged            |     4 |    18 |    57 |    23 ||   102
  Block: Other             |       |       |    37 |    14 ||    51
         Reflection        |       |       |     2 |     5 ||     7

Table legend: (Time is in decaauts)
 A = Elapsed time spent in this place.
 B = Non-inter-level travel time spent in this place.
 C = Inter-level travel time spent in this place.
 D = Time resting spent in this place.
 E = Time spent auto-exploring this place.
 F = Levels seen in this place.
 G = Mean time per level.
                   A        B        C        D        E       F      G
               +--------+--------+--------+--------+--------+-----+--------+
         Total |  17224 |  15432 |   1792 |    674 |  12419 |  14 | 1230.3 |
       Dungeon |  15866 |  14122 |   1744 |    671 |  11487 |  10 | 1586.6 |
        Temple |     15 |     12 |      3 |      0 |      0 |   1 |   15.0 |
          Lair |      5 |      5 |      0 |      0 |      0 |   1 |    5.0 |
  Orcish Mines |    327 |    283 |     44 |      0 |    172 |   1 |  327.0 |
       Ossuary |   1009 |   1009 |      0 |      3 |    760 |   1 | 1009.0 |
               +--------+--------+--------+--------+--------+-----+--------+

Top non-repeatable levels by time:
     D:9: 2357 daAuts
     D:7: 2258 daAuts
     D:2: 2255 daAuts
     D:8: 2251 daAuts
     D:6: 1917 daAuts
     D:5: 1802 daAuts
     D:3: 1129 daAuts
 Ossuary: 1009 daAuts
     D:1: 859 daAuts
     D:4: 785 daAuts
   Orc:1: 327 daAuts
    D:10: 248 daAuts
  Temple: 15 daAuts
  Lair:1: 5 daAuts
